 Dungeon Crawl Stone Soup version 0.20.1-1-g8b1a95d (webtiles) character file.

2842 zaque the Martial Artist (level 9, -11/52 (53) HPs)
             Began as an Octopode Transmuter on Oct 30, 2017.
             Killed from afar by a gargoyle (15 damage)
             ... with a stone arrow
             ... on level 7 of the Dungeon on Oct 31, 2017.
             The game lasted 00:34:50 (8875 turns).

zaque the Martial Artist (Octopode Transmuter)      Turns: 8875, Time: 00:34:50

HP:   -11/52 (53)   AC:  1    Str:  9    XL:     9   Next: 74%
MP:   25/25         EV: 15    Int: 19    God:
Gold: 251           SH:  0    Dex: 12    Spells: 11/18 levels left

rFire    . . .     SeeInvis +     - Unarmed
rCold    + . .     Gourm    .   (no shield)
rNeg     . . .     Faith    .   (helmet restricted)
rPois    +         Spirit   .   (no amulet)
rElec    .         Reflect  .   g - ring of see invisible
rCorr    .         Harm     .   v - ring of magical power
MR       +....                  u - ring of poison resistance
Stlth    ++........             y - +2 ring of evasion
Regen    0.2/turn               D - ring of protection from magic
MPRegen  0.2/turn               J - ring of protection from cold
                                t - ring of flight
                                (no ring)

@: no status effects
A: almost no armour, stealthy swim, amphibious, 8 rings, constrict 8, camouflage
1, gelatinous body 1
a: Evoke Flight


You were on level 7 of the Dungeon.
You were not hungry.

You visited 1 branch of the dungeon, and saw 7 of its levels.
You also visited: Bailey.

You collected 398 gold pieces.
You spent 147 gold pieces at shops.

Inventory:

Hand Weapons
 s - a +0 quarterstaff of speed
Missiles
 a - 124 arrows
 d - 224 stones (quivered)
Jewellery
 g - a ring of see invisible (left tentacle)
 t - a ring of flight (on tentacle)
 u - a ring of poison resistance (on tentacle)
 v - a ring of magical power (right tentacle)
 y - a +2 ring of evasion (on tentacle)
 D - a ring of protection from magic (on tentacle)
 J - a ring of protection from cold (on tentacle)
Wands
 z - a wand of random effects (17/48)
 E - a wand of flame (15/48)
 M - a wand of flame (37/48)
Scrolls
 h - 3 scrolls of magic mapping
 j - 3 scrolls of noise {unknown}
 l - 4 scrolls of teleportation
 m - 5 scrolls of identify
 p - 4 scrolls of enchant armour {unknown}
 r - 3 scrolls of remove curse {unknown}
 A - a scroll of amnesia {unknown}
 C - a scroll of brand weapon {unknown}
 H - a scroll of immolation {unknown}
Potions
 e - 2 potions of mutation
 f - 2 potions of might
 n - 2 potions of brilliance
 o - 2 potions of magic
 q - 2 potions of curing
 w - a potion of cancellation {unknown}
 x - a potion of resistance {unknown}
 B - a potion of heal wounds {unknown}
 G - a potion of degeneration {unknown}
Books
 b - a book of Changes

   Spells                             Type                      Level
   a - Beastly Appendage              Transmutation                1
   b - Sticks to Snakes               Transmutation                2
   c - Spider Form                    Transmutation/Poison         3
   d - Ice Form                       Ice/Transmutation            4
   e - Blade Hands                    Transmutation                5
 I - a book of Callings

   Spells                             Type                      Level
   a - Summon Small Mammal            Summoning                    1
   b - Call Imp                       Summoning                    2
   c - Call Canine Familiar           Summoning                    3
   d - Summon Guardian Golem          Hexes/Summoning              3
   e - Summon Lightning Spire         Summoning/Air                4
   f - Summon Ice Beast               Ice/Summoning                4
 K - a book of Cantrips

   Spells                             Type                      Level
   a - Confusing Touch                Hexes                        1
   b - Animate Skeleton               Necromancy                   1
   c - Summon Small Mammal            Summoning                    1
   d - Apportation                    Translocation                1
Comestibles
 c - 2 bread rations
 i - 2 meat rations
 k - 2 royal jellies
 F - 3 fruits
 L - 2 chunks of flesh


   Skills:
 - Level 1.0 Fighting
 - Level 2.0 Dodging
 * Level 9.4 Unarmed Combat
 + Level 5.2 Spellcasting
 * Level 7.1 Transmutations
 * Level 3.9 Ice Magic


You had 11 spell levels left.
You knew the following spells:

 Your Spells              Type           Power        Failure   Level  Hunger
a - Beastly Appendage     Tmut           ####..       1%          1    None
b - Sticks to Snakes      Tmut           ####....     1%          2    #......
c - Ice Form              Ice/Tmut       ####....     12%         4    ####...


Dungeon Overview and Level Annotations

Branches:
Dungeon (7/15)             Temple (0/1) D:4

Altars:
Ashenzari
Fedhas
Makhleb
Nemelex Xobeh
Okawaru
Qazlal
Sif Muna
The Shining One

Shops:
D:4 [   D:5 *   D:6 (   D:7 (

Annotations:
D:2 1 runed door


Innate Abilities, Weirdness & Mutations

You cannot wear most types of armour.
You are very stealthy in the water. (Stealth+)
You are amphibious.
You can wear up to eight rings at the same time.
You can use your tentacles to constrict eight enemies at once.
Your skin changes colour to match your surroundings (Stealth+).
Your rubbery body absorbs attacks. (AC +1, EV +1)


Message History

Found 16 bolts.
You start resting.
Magic restored.
You start resting.
Your transformation is almost over.
A bullfrog comes into view.
You start resting.
You warm up again.
You start resting.
You open the door.
The gargoyle hurls a stone arrow at you.
The stone arrow hits you!
* * * LOW HITPOINT WARNING * * *
Found a stone staircase leading up.
There is an open door here.
The bullfrog hits you.
* * * LOW HITPOINT WARNING * * *
The gargoyle hurls a stone arrow at you.
The stone arrow hits you!
You die...

*,,,,,* #........# #.. *,,,,,*
#........# ###
*,,,,,####........#####..
**,,,,,#..#######.........
#......#...#.)..#.........
#......#...#....'.........
#......#.<.#....#.........
#......#...+....#.........
##......#.@.###'##.........
#.......#.F.##.....#######+
#.......#....+.....#.......
#.......'....#.....#.......
***####......9#....#.......##...#
*,,...........#....#.....###8...8
*,,..(........######.....#)##...#
*,,.....................###'.....
*,,.....................#8#......


You could see a gargoyle and a bullfrog.

Vanquished Creatures
  Prince Ribbit (D:7)
  6 yaks
  An ice beast (D:6)
  An orc warrior (D:6)
  A sky beast (D:6)
  2 phantoms
  A necrophage (D:5)
  2 ogres
  3 centaurs
  2 bullfrogs (D:6)
  A scorpion (D:4)
  A bullfrog zombie (D:6)
  3 orc wizards
  A bullfrog skeleton (D:6)
  An orc priest (D:6)
  2 hounds
  4 iguanas
  2 worker ants
  A hound skeleton (D:6)
  6 gnolls
  12 adders
  A shadow imp (D:6)
  2 oozes
  3 adder zombies
  2 adder skeletons (D:7)
  A worm (D:2)
  2 dart slugs
  6 leopard geckos
  10 orcs
  2 ball pythons (D:1)
  4 giant cockroaches
  7 hobgoblins
  7 jackals
  4 quokkas
  8 bats
  6 frilled lizards
  A giant cockroach zombie (D:6)
  13 goblins
  A jackal zombie (D:6)
  6 kobolds
  2 leopard gecko skeletons
  4 rats
146 creatures vanquished.

Vanquished Creatures (collateral kills)
  A gnoll (D:6)
  A goblin (D:3)
  A frilled lizard (D:4)
3 creatures vanquished.

Grand Total: 149 creatures vanquished

Notes
Turn   | Place    | Note
-------+----------+-------------------------------------------
     0 | D:1      | zaque the Octopode Transmuter began the quest for the Orb.
     0 | D:1      | Reached XP level 1. HP: 13/13 MP: 3/3
   400 | D:1      | Reached XP level 2. HP: 18/18 MP: 3/5
   803 | D:2      | Learned a level 2 spell: Sticks to Snakes
   825 | D:2      | Reached XP level 3. HP: 23/23 MP: 4/6
  1008 | D:2      | Found a glowing golden altar of the Shining One.
  1087 | D:2      | Found a runed door.
  1227 | D:2      | Reached XP level 4. HP: 20/28 MP: 5/7
  1323 | D:2      | You fall through a shaft!
  1445 | D:3      | Reached skill level 4 in Unarmed Combat
  1452 | D:3      | Found a sparkling altar of Nemelex Xobeh.
  1861 | D:3      | Reached XP level 5. HP: 26/33 MP: 6/8
  3323 | D:4      | Found Wibb's Antique Armour Shop.
  3323 | D:4      | Noticed a phantom
  3397 | D:4      | HP: 1/33 [leopard gecko (3)]
  3714 | D:3      | Learned a level 4 spell: Ice Form
  3876 | D:4      | Reached XP level 6. HP: 35/38 MP: 10/10
  4332 | D:4      | Killed a phantom
  4332 | D:4      | Reached skill level 5 in Unarmed Combat
  4513 | D:4      | Found a staircase to the Ecumenical Temple.
  4585 | D:5      | Entered Level 5 of the Dungeon
  4610 | D:5      | Found a burning altar of Makhleb.
  4610 | D:5      | Noticed a necrophage
  4621 | D:5      | Killed a necrophage
  4650 | D:5      | Found Pobuikiph's Assorted Antiques.
  4659 | D:5      | Bought a scroll labeled COERUO GAUFESI for 21 gold pieces
  4659 | D:5      | Bought a scroll labeled GITUKUYWKA for 21 gold pieces
  4659 | D:5      | Bought a marble ring for 105 gold pieces
  4694 | D:5      | Noticed a phantom
  4712 | D:5      | Killed a phantom
  4712 | D:5      | Reached skill level 5 in Transmutations
  4712 | D:5      | Reached XP level 7. HP: 15/42 MP: 12/12
  4933 | D:5      | Found an iron altar of Okawaru.
  4933 | D:5      | Found a blossoming altar of Fedhas.
  5000 | D:5      | Found a stormy altar of Qazlal.
  5018 | D:5      | Found a deep blue altar of Sif Muna.
  5409 | D:5      | Found a shattered altar of Ashenzari.
  5829 | D:6      | Found Vekequdgh's Antique Weapon Boutique.
  5840 | D:6      | Reached skill level 1 in Ice Magic
  5890 | D:6      | Reached skill level 6 in Unarmed Combat
  5914 | D:6      | Reached XP level 8. HP: 36/47 MP: 12/14
  6122 | D:6      | Reached skill level 7 in Unarmed Combat
  6665 | D:6      | Noticed a yak
  6698 | D:6      | Noticed a yak
  6710 | D:6      | Noticed a yak
  6712 | D:6      | Noticed a yak
  6716 | D:6      | Noticed a yak
  6716 | D:6      | Killed a yak
  6717 | D:6      | Noticed a yak
  6720 | D:6      | Killed a yak
  6720 | D:6      | Reached skill level 8 in Unarmed Combat
  6720 | D:6      | Reached XP level 9. HP: 43/52 MP: 15/15
  7171 | D:5      | Reached skill level 9 in Unarmed Combat
  7744 | D:7      | Noticed Prince Ribbit
  7751 | D:7      | Killed Prince Ribbit
  7751 | D:7      | Reached skill level 5 in Spellcasting
  8113 | D:7      | Found Egon's Antique Weapon Shoppe.
  8157 | D:7      | Found a flagged portal.
  8209 | Bailey   | Entered a bailey
  8597 | Bailey   | Noticed Mamutox's ghost (journeyman MiMo)
  8791 | D:7      | Noticed a gargoyle
  8875 | D:7      | Killed from afar by a gargoyle

Skill      XL: |  1  2  3  4  5  6  7  8  9 |
---------------+----------------------------+-----
Transmutations | 3 4 5 6 7 |  7.1
Unarmed Combat | 4 5 6 8 9 |  9.4
Spellcasting   | 3 4 5 |  5.2
Ice Magic      | 1 3 |  3.9
Fighting       | |  1.0
Dodging        | |  2.0

Action                   |  1- 3 |  4- 6 |  7- 9 || total
-------------------------+-------+-------+-------++-------
Melee: Unarmed           |    58 |   165 |   194 ||   417
       Constrict         |    17 |    31 |    21 ||    69
       Kick              |    17 |    25 |    23 ||    65
       Tentacles         |    11 |    21 |    14 ||    46
       Punch             |       |     1 |     3 ||     4
Throw: Stone             |       |     9 |    25 ||    34
 Cast: Beastly Appendage |    24 |    38 |    14 ||    76
       Sticks to Snakes  |       |    10 |     6 ||    16
       Ice Form          |       |     3 |    17 ||    20
  Use: Scroll            |       |     6 |     2 ||     8
       Potion            |       |       |     1 ||     1
 Stab: Sleeping          |     7 |     8 |     1 ||    16
       Distracted        |       |     1 |     1 ||     2
  Eat: Chunk             |     1 |    12 |    13 ||    26
       Bread ration      |       |       |     1 ||     1
Armor: Skin              |     4 |    15 |    21 ||    40
Dodge: Dodged            |    23 |    82 |   113 ||   218
